 Dungeon Crawl Stone Soup version 0.20-a0-941-gba1b1f9 (webtiles) character file.

247 Magifyre the Cutter (level 5, -3/25 HPs)
             Began as a Spriggan Assassin on Dec 26, 2016.
             Was an Initiate of Dithmenos.
             Killed from afar by an orc wizard (6 damage)
             ... with a puff of flame
             ... on level 3 of the Dungeon on Mar 31, 2017.
             The game lasted 00:20:00 (3062 turns).

Magifyre the Cutter (Spriggan Assassin)             Turns: 3062, Time: 00:20:01

Health: -3/25      AC:  3    Str: 10    XL:     5   Next: 85%
Magic:  6/6        EV: 18    Int: 13    God:    Dithmenos [......]
Gold:   147        SH:  0    Dex: 18    Spells: 4/4 levels left

rFire    . . .     SeeInvis +   b - +2 dagger
rCold    . . .     Gourm    .   (shield restricted)
rNeg     . . .     Faith    .   c - +0 robe
rPois    .         Spirit   .   (helmet restricted)
rElec    .         Reflect  .   d - +0 cloak
rCorr    .         Harm     .   (gloves unavailable)
MR       .....                  (boots unavailable)
Stlth    +++.......             (no amulet)
Regen    0.1/turn               j - +3 ring of strength
MPRegen  0.1/turn               t - ring of flight

@: very quick
A: unfitting armour, see invisible, herbivore 3, speed 3, slow metabolism 2
a: Renounce Religion, Evoke Flight


You were on level 3 of the Dungeon.
You worshipped Dithmenos.
Dithmenos was noncommittal.
You were hungry.

You visited 1 branch of the dungeon, and saw 4 of its levels.

You collected 147 gold pieces.

Inventory:

Hand Weapons
 a - a +0 blowgun
 b - a +2 dagger (weapon)
 v - a +2 vampiric dagger
 w - a +0 hunting sling
Missiles
 e - 41 poisoned needles
 f - 2 curare-tipped needles
 k - 9 arrows
 m - 48 sling bullets
 o - 59 bolts
 r - 196 stones (quivered)
Armour
 c - a +0 robe (worn)
 d - a +0 cloak (worn)
Jewellery
 j - a +3 ring of strength (left hand)
 t - a ring of flight (right hand)
Wands
 p - a wand of digging (20/24)
Scrolls
 h - 2 scrolls of remove curse
 u - a scroll of identify
 y - a scroll of blinking {unknown}
 A - 2 scrolls of amnesia {unknown}
 B - a scroll of teleportation
Potions
 i - a potion of might
 l - 3 potions of heal wounds {unknown}
 n - a potion of brilliance {unknown}
 q - 2 potions of ambrosia {unknown}
 s - a potion of invisibility {unknown}
 x - a potion of flight {unknown}
 z - a potion of haste {unknown}
Comestibles
 g - 4 bread rations


   Skills:
 - Level 1.5 Fighting
 * Level 6.4 Short Blades
 - Level 2.0 Throwing
 * Level 2.7 Dodging
 + Level 6.2 Stealth


You had 4 spell levels left.
You didn't know any spells.

Dungeon Overview and Level Annotations

Branches:
Dungeon (4/15)
 Temple: D:4-7

Altars:
Dithmenos
Elyvilon
Makhleb
Nemelex Xobeh
Qazlal
Trog
Yredelemnul
The Shining One


Innate Abilities, Weirdness & Mutations

You are very small and have problems with some larger weapons.
You are too small for most types of armour.
You have supernaturally acute eyesight. (SInv)
You are a herbivore.
You cover ground extremely quickly.
You need consume almost no food.


Message History

You hit the orc wizard.
The orc wizard is moderately wounded.
The orc wizard barely misses you.
You hit the orc wizard.
The orc wizard is moderately wounded.
The orc wizard hits you with a dagger.
* * * LOW HITPOINT WARNING * * *
You barely miss the orc wizard.
The orc wizard is moderately wounded.
The orc wizard closely misses you.
You barely miss the orc wizard.
The orc wizard is lightly wounded.
The orc wizard closely misses you.
You barely miss the orc wizard.
The orc wizard is lightly wounded.
The orc wizard barely misses you. The orc wizard misses you.
The orc wizard casts a spell at you. The puff of flame hits you!
You die...

..##### ##.#.###
......############.#.#
..###..............#.#
..# #..........####.†#
.## #..........###..##
.# #..........#...##
.####..........#.###
......#.########.#
.....##..# ###@####
.#######'#####>....<#
.....##...##..o)....#
....##.....###......#
...##.8...8.##...####
.###.#.....#.##.#####
..#...8...8...#.....#
..'.....[.....'.###.###
..#...8...8...#.......#


You could see an orc wizard (invisible).

Vanquished Creatures
  An orc priest (D:3)
  2 orc wizards (D:4)
  A worker ant (D:4)
  A hound skeleton (D:4)
  3 adders
  An ooze (D:1)
  A worm (D:2)
  2 dart slugs
  2 leopard geckos (D:1)
  10 orcs
  3 giant cockroaches
  6 goblins
  9 hobgoblins
  3 jackals (D:1)
  8 kobolds
  2 quokkas
  2 ball pythons
  8 bats
  6 frilled lizards
  A leopard gecko skeleton (D:4)
  6 rats
78 creatures vanquished.

Notes
Turn   | Place    | Note
-------+----------+-------------------------------------------
     0 | D:1      | Magifyre the Spriggan Assassin began the quest for the Orb.
     0 | D:1      | Reached XP level 1. HP: 10/10 MP: 2/2
     6 | D:1      | Upgraded the game from 0.20-a0-350-ga83eecc to 0.20-a0-417-ge4f0a7c
     6 | D:1      | Upgraded the game from 0.20-a0-417-ge4f0a7c to 0.20-a0-941-gba1b1f9
   144 | D:1      | Reached XP level 2. HP: 12/14 MP: 3/3
   417 | D:1      | Reached XP level 3. HP: 18/18 MP: 4/4
  1020 | D:2      | Reached XP level 4. HP: 20/22 MP: 5/5
  1036 | D:2      | Found a bloodstained altar of Trog.
  1194 | D:2      | Reached skill level 5 in Short Blades
  1392 | D:3      | Found a glowing golden altar of the Shining One.
  1396 | D:3      | Found a basalt altar of Yredelemnul.
  1396 | D:3      | Found a sparkling altar of Nemelex Xobeh.
  1398 | D:3      | Found a burning altar of Makhleb.
  1794 | D:3      | HP: 1/22 [orc priest (2)]
  2142 | D:3      | Reached XP level 5. HP: 16/25 MP: 6/6
  2179 | D:3      | Found a shadowy altar of Dithmenos.
  2179 | D:3      | Found a stormy altar of Qazlal.
  2295 | D:3      | Found a faded altar of an unknown god.
  2297 | D:3      | Found a faded altar of an unknown god.
  2298 | D:3      | Found a white marble altar of Elyvilon.
  2369 | D:3      | Became a worshipper of Dithmenos the Shadowed
  3062 | D:3      | Killed from afar by an orc wizard

Vault maps used:
D:1:      doesnt_arrival_eight_statues
D:2:      trog_book
D:3:      minitemple, chequers_temple_overflow_minitemple, dk_noncrumbling_3

Skill      XL: |  1  2  3  4  5 |
---------------+----------------+-----
Short Blades   | 3 4 5 6 |  6.4
Dodging        | 2 |  2.7
Stealth        | 6 |  6.2
Fighting       | |  1.5
Throwing       | |  2.0

Action                   |  1- 3 |  4- 6 || total
-------------------------+-------+-------++-------
Melee: Dagger            |    82 |   182 ||   264
       Short sword       |    99 |       ||    99
  Use: Scroll            |     4 |     3 ||     7
 Stab: Sleeping          |    11 |     5 ||    16
Armor: Robe              |    24 |    14 ||    38
Dodge: Dodged            |   149 |    93 ||   242
